 Dungeon Crawl Stone Soup version 0.30-a0-585-g93115170b9 (webtiles) character file.

Game seed: 9915952574889934703

2678 Newt the Thaumaturge (level 9, 0/65 HPs)
             Began as a Demonspawn Gladiator on Jan 1, 2023.
             Was an Initiate of Yredelemnul.
             Slain by a killer bee (5 damage)
             ... on level 7 of the Dungeon.
             The game lasted 00:09:19 (7714 turns).

Newt the Thaumaturge (Demonspawn Gladiator)         Turns: 7714, Time: 00:09:19

Health: 0/65       AC:  9    Str: 14    XL:     9   Next: 37%
Magic:  21/21      EV: 13    Int: 16    God:    Yredelemnul [......]
Gold:   409        SH:  0    Dex: 15    Spells: 21/24 levels left

rFire   . . .      SeeInvis .    b - +1 sling (heavy)
rCold   . . .      Faith    .    (no shield)
rNeg    + . .      Spirit   .    p - +0 steam dragon scales
rPois   +          Reflect  .    (helmet restricted)
rElec   .          Harm     .    t - +0 cloak
rCorr   .          Rampage  .    k - +2 pair of gloves
Will    .....      Clarity  +    (no boots)
Stlth   ++                       (no amulet)
HPRegen 0.30/turn                l - ring of positive energy
MPRegen 0.34/turn                (no ring)

@: no status effects
A: horns 1, ignite blood 2, magic regeneration, clarity, clever 1, poison
resistance, wild magic 1
a: Renounce Religion, Recall Undead Harvest


You were on level 7 of the Dungeon.
You worshipped Yredelemnul.
Yredelemnul was noncommittal.
You visited 2 branches of the dungeon, and saw 9 of its levels.

You collected 409 gold pieces.

Inventory:

Hand Weapons
 a - a +1 dagger of venom
 b - a +1 heavy sling (weapon)
 v - a +0 rapier
Missiles
 e - a javelin
Armour
 c - a +0 helmet
 i - a +0 leather armour
 k - a +2 pair of gloves (worn)
 p - +0 steam dragon scales (worn)
 s - a +0 buckler
 t - a +0 cloak (worn)
Jewellery
 f - a ring of fire
 l - a ring of positive energy (left hand)
 z - a ring of fire
Wands
 w - a wand of quicksilver (13)
 x - a wand of flame (13)
 y - a wand of charming (6)
 I - a wand of mindburst (8)
Scrolls
 r - a scroll of enchant armour
 u - 2 scrolls of noise
 A - 3 scrolls of teleportation
 B - a scroll of silence
 E - a scroll of fear
 G - a scroll of vulnerability
 J - a scroll of amnesia
 M - a scroll of fog
Potions
 g - a potion of cancellation
 h - 2 potions of resistance
 j - a potion of flight
 m - a potion of brilliance
 n - 5 potions of haste
 o - a potion of mutation
 q - a potion of ambrosia
 D - a potion of degeneration {unknown}
 H - a potion of might {unknown}
 K - a potion of berserk rage {unknown}


   Skills:
 - Level 4.0 Fighting
 - Level 2.6 Short Blades
 - Level 5.0 Ranged Weapons
 - Level 1.7 Throwing
 - Level 4.0 Dodging
 - Level 2.0 Stealth
 - Level 8.0 Spellcasting
 + Level 3.3 Hexes
 + Level 3.2 Translocations


You had 21 spell levels left.
You knew the following spells:

 Your Spells              Type           Power      Damage    Failure   Level
a - Portal Projectile     Hex/Tloc       44%        N/A       13%         3

Your spell library contained the following spells:

 Spells                   Type           Power      Damage    Failure   Level
 Blink                    Tloc           42%        N/A       7%          2
 Tukima's Dance           Hex            22%        N/A       13%         3
 Summon Small Mammal      Summ           32%        N/A       16%         1
 Sublimation of Blood     Necr           8%         N/A       24%         2
 Wereblood                Tmut           8%         N/A       24%         2
 Inner Flame              Hex/Fire       15%        N/A       24%         3
 Summon Guardian Golem    Hex/Summ       15%        N/A       24%         3
 Manifold Assault         Tloc           21%        N/A       36%         4
 Call Canine Familiar     Summ           8%         N/A       41%         3
 Flame Wave               Conj/Fire      8%         2d5       80%         4
 Petrify                  Tmut/Erth      8%         N/A       80%         4
 Sticky Flame             Conj/Fire      8%         2d3       80%         4
 Metabolic Englaciation   Hex/Ice        7%         N/A       89%         5
 Blade Hands              Tmut           4%         N/A       98%         5
 Statue Form              Tmut/Erth      5%         N/A       100%        6
 Storm Form               Tmut/Air       4%         N/A       100%        7
 Summon Hydra             Summ           4%         N/A       100%        7


Dungeon Overview and Level Annotations

Branches:
Dungeon (8/15)             Temple (1/1) D:6
   Lair: D:8-11

Altars:
Ashenzari
Cheibriados
Dithmenos
Fedhas
Gozag
Hepliaklqana
Kikubaaqudgha
Makhleb
Nemelex Xobeh
Okawaru
Qazlal
Ru
Sif Muna
Trog
Uskayaw
Vehumet
Wu Jian
Xom
Yredelemnul


Innate Abilities, Weirdness & Mutations

You have a pair of small horns on your head.
Your demonic aura often causes spilled blood to erupt in flames.
You regenerate magic rapidly.
You possess an exceptional clarity of mind.
Your mind is acute. (Int +4, Str/Dex -1)
Your system is resistant to poisons. (rPois)
Your spells are a little harder to cast, but a little more powerful.


Message History

The killer bee stings you but does no damage. x2
There is a stone staircase leading up here.
Okay, then.
The killer bee stings you.
* * * LOW HITPOINT WARNING * * *
The killer bee stings you but does no damage.
The killer bee completely misses you. The killer bee barely misses you.
You climb upwards.
There is a stone staircase leading down here.
You feel better.
The killer bee stings you but does no damage.
The killer bee stings you.
* * * LOW HITPOINT WARNING * * *
The killer bee stings you but does no damage.
The killer bee misses you.
As you read the scroll of fear, it crumbles to dust.
You assume a fearsome visage.
The killer bee looks frightened! x2
Fire: b) +1 sling (heavy)
Press: ? - help, Q - select action, (/) - cycle Shift-Dir - straight line, f - killer bee
Aim: a killer bee (almost dead, fleeing, 34% to hit)
You shoot a sling bullet. The sling bullet misses the killer bee.
Fire: b) +1 sling (heavy)
Press: ? - help, Q - select action, (/) - cycle Shift-Dir - straight line, f/p - killer bee
Aim: a killer bee (almost dead, fleeing, 34% to hit)
You shoot a sling bullet. The sling bullet misses the killer bee.
Cornered, the killer bee turns to fight!
Fire: b) +1 sling (heavy)
Press: ? - help, Q - select action, (/) - cycle Shift-Dir - straight line, f - killer bee
Aim: a killer bee (34% to hit)
You shoot a sling bullet.
The sling bullet closely misses the killer bee.
The killer bee barely misses you.
Throw: throwing net
Press: ? - help, Shift-Dir - straight line, f/p - killer bee
Aim: a killer bee (31% to hit)
You throw a throwing net.
The throwing net closely misses the killer bee.
The killer bee stings you.
You die...
Your body rises from the dead as a mindless zombie.

..## #...Z# #.#####
#....#######
#.....###.......(..#
#####.#........(...#
#...#..........#
##..#..........#
#..#..........#
#..........y..#
#.##.......@..#
##.##..........#
##..##..........#
##..###..........#
###..#####.#########
#...###.......#
..### #.......#
#######.......#
..............#


You could see a killer bee.

Vanquished Creatures
  A two-headed ogre (D:8)
  A wyvern (D:8)
  A steam dragon (D:6)
  2 sky beasts
  An ice beast (D:7)
  2 black bears
  An ogre (D:4)
  A centaur (D:7)
  A bullfrog (D:4)
  A gnoll sergeant (D:6)
  A scorpion (D:6)
  2 necrophages
  A killer bee (D:8)
  A howler monkey (D:6)
  An electric eel (D:5)
  2 hounds
  2 jellies
  3 iguanas
  An orc wizard (D:5)
  4 gnolls
  4 adders
  A steam dragon zombie (D:6)
  A shadow imp (D:5)
  A white imp (D:8)
  A worm (D:4)
  A dart slug (D:1)
  6 orcs
  5 ball pythons
  4 bats
  10 endoplasms
  6 giant cockroaches
  9 goblins
  6 hobgoblins
  7 jackals (D:3)
  9 kobolds
  6 quokkas
  A frilled lizard (D:3)
  4 rats
112 creatures vanquished.

Vanquished Creatures (collateral kills)
  A steam dragon (D:6)
  A water moccasin (D:6)
  A centaur (D:6)
  A necrophage (D:6)
4 creatures vanquished.

Vanquished Creatures (others)
  A centaur zombie (D:6)
  5 plants (D:5)
6 creatures vanquished.

Grand Total: 122 creatures vanquished

Notes
Turn   | Place    | Note
-------+----------+-------------------------------------------
     0 | D:1      | Newt the Demonspawn Gladiator began the quest for the Orb.
     0 | D:1      | Reached XP level 1. HP: 16/16 MP: 1/1
   110 | D:1      | Reached skill level 1 in Stealth
   139 | D:1      | Found a faded altar of an unknown god.
   200 | D:1      | Gained mutation: You regenerate magic rapidly. [demonic
                  | ancestry]
   200 | D:1      | Reached XP level 2. HP: 22/22 MP: 2/2
   918 | D:2      | Gained mutation: Your demonic aura sometimes causes spilled
                  | blood to erupt in flames. [demonic ancestry]
   918 | D:2      | Reached XP level 3. HP: 28/28 MP: 3/3
  1865 | D:3      | Gained mutation: Your demonic aura often causes spilled
                  | blood to erupt in flames. [demonic ancestry]
  1865 | D:3      | Reached XP level 4. HP: 37/37 MP: 4/4
  2588 | D:4      | Reached skill level 1 in Spellcasting
  2715 | D:4      | Noticed a bullfrog
  2722 | D:4      | Killed a bullfrog
  2723 | D:4      | Reached skill level 2 in Spellcasting
  2723 | D:4      | Gained mutation: You have a pair of small horns on your
                  | head. [demonic ancestry]
  2723 | D:4      | Reached XP level 5. HP: 25/42 MP: 5/8
  2795 | D:4      | Found a large runed translucent door.
  2796 | D:4      | Found a large runed translucent door.
  3092 | D:4      | Noticed an ogre
  3094 | D:4      | Killed an ogre
  3095 | D:4      | Reached skill level 3 in Spellcasting
  3095 | D:4      | Reached XP level 6. HP: 44/48 MP: 10/10
  3120 | D:4      | Learned a level 3 spell: Portal Projectile
  3449 | D:4      | Found a snail-covered altar of Cheibriados.
  3483 | D:4      | Found a shimmering altar of Xom.
  3519 | D:5      | Entered Level 5 of the Dungeon
  3568 | D:5      | Reached skill level 1 in Hexes
  4104 | D:5      | Reached XP level 7. HP: 16/54 MP: 10/12
  5354 | D:5      | Reached skill level 4 in Spellcasting
  5577 | D:6      | Found a staircase to the Ecumenical Temple.
  5602 | Temple   | Entered the Ecumenical Temple
  5835 | Temple   | Became a worshipper of Yredelemnul the Dark
  5888 | D:6      | Noticed a steam dragon
  5902 | D:6      | Killed a steam dragon
  5903 | D:6      | Reached skill level 5 in Spellcasting
  5978 | D:6      | Reached XP level 8. HP: 27/60 MP: 15/15
  6138 | D:6      | Reached * piety under Yredelemnul
  6429 | D:6      | Reached skill level 5 in Ranged Weapons
  7016 | D:7      | Reached skill level 6 in Spellcasting
  7298 | D:7      | Identified the +0 robe of the Wasteland {+Blink Regen+
                  | Str-4 Slay-4}
  7301 | D:7      | Gained mutation: Your system is resistant to poisons.
                  | (rPois) [potion of mutation]
  7301 | D:7      | Gained mutation: Your spells are a little harder to cast,
                  | but a little more powerful. [potion of mutation]
  7301 | D:7      | Gained mutation: You possess an exceptional clarity of
                  | mind. [potion of mutation]
  7301 | D:7      | Gained mutation: Your mind is acute. (Int +4, Str/Dex -1)
                  | [potion of mutation]
  7579 | D:8      | Reached XP level 9. HP: 53/65 MP: 17/19
  7637 | D:8      | Noticed a two-headed ogre
  7643 | D:8      | Killed a two-headed ogre
  7644 | D:8      | Reached skill level 8 in Spellcasting
  7707 | D:8      | HP: 1/65 [killer bee (6)]
  7714 | D:7      | Slain by a killer bee

Illustrated notes

Levels and vault maps discovered:
D:1:      dpeg_arrival_chambers_temple_mockup, layout_basic,
          hellmonk_ecumenical_altar_blasted
D:2:      layout_loops_ring, basic_altar
D:3:      layout_loops_ring, grunt_ministairs_12, kennysheep_generic_room_3
D:4:      layout_loops_ring, jmf_multi_god_temple2, minmay_pentangle
D:5:      cheibrodos_two_vegetables, layout_loops_cross, feat_on_display
D:6:      layout_basic, minmay_temple_entry_wispy, kennysheep_generic_room_12
D:7:      layout_rooms
D:8:      layout_loops_cross
Temple:   nicolae_temple_slightly_damp_pantheon

Skill      XL: |  1  2  3  4  5  6  7  8  9 |
---------------+----------------------------+-----
Stealth        | 1 2 |  2.0
Fighting       | 3 4 |  4.0
Spellcasting   | 2 3 5 6 8 |  8.0
Translocations | 2 3 |  3.2
Hexes          | 3 |  3.3
Ranged Weapons | 3 5 |  5.0
Dodging        | 4 |  4.0
Short Blades   | |  2.6
Throwing       | |  1.7

Action                   |  1- 3 |  4- 6 |  7- 9 || total
-------------------------+-------+-------+-------++-------
Melee: Rapier            |    35 |       |       ||    35
       Punch             |     1 |       |       ||     1
       Dagger            |       |     4 |       ||     4
       Headbutt          |       |     2 |       ||     2
 Fire: Sling             |   123 |   153 |   152 ||   428
Throw: Throwing net      |       |       |     3 ||     3
 Cast: Portal Projectile |       |       |     6 ||     6
  Use: Scroll            |     4 |     4 |    10 ||    18
       Potion            |       |     3 |     3 ||     6
Armor: Leather armour    |    44 |    33 |       ||    77
       Steam dragon scal |       |    20 |    63 ||    83
Dodge: Dodged            |    67 |   101 |   115 ||   283

Table legend: (Time is in decaauts)
 A = Elapsed time spent in this place.
 B = Non-inter-level travel time spent in this place.
 C = Inter-level travel time spent in this place.
 D = Time resting spent in this place.
 E = Time spent auto-exploring this place.
 F = Levels seen in this place.
 G = Mean time per level.
                   A        B        C        D        E       F      G
               +--------+--------+--------+--------+--------+-----+--------+
         Total |   8045 |   7768 |    277 |   1856 |   4648 |   9 |  893.9 |
       Dungeon |   7792 |   7549 |    243 |   1856 |   4450 |   8 |  974.0 |
        Temple |    252 |    219 |     33 |      0 |    198 |   1 |  252.0 |
               +--------+--------+--------+--------+--------+-----+--------+

Top non-repeatable levels by time:
     D:5: 2101 daAuts
     D:4: 1251 daAuts
     D:6: 1024 daAuts
     D:3: 872 daAuts
     D:1: 864 daAuts
     D:7: 827 daAuts
     D:2: 676 daAuts
  Temple: 252 daAuts
     D:8: 176 daAuts
